 Dungeon Crawl Stone Soup version 0.30-a0-691-g754fce4c43 (webtiles) character file.

Game seed: 13942942267751488209

4086 Citaku the Protected (level 10, -1/88 HPs)
             Began as a Minotaur Fighter on Jan 19, 2023.
             Was an Initiate of Gozag.
             Slain by a vault guard
             ... wielding a +0 broad axe
              (18 damage)
             ... in a bailey.
             The game lasted 00:09:28 (7090 turns).

Citaku the Protected (Minotaur Fighter)             Turns: 7090, Time: 00:09:28

Health: -1/88      AC: 12    Str: 25    XL:     10   Next: 5%
Magic:  9/9        EV:  9    Int:  5    God:    Gozag
Gold:   579        SH:  5    Dex: 10    Spells: 9/9 levels left

rFire   . . .      SeeInvis +    o - +0 hand axe (heavy)
rCold   . . .      Faith    .    c - +0 buckler
rNeg    . . .      Spirit   .    b - +0 scale mail
rPois   .          Reflect  .    d - +2 hat
rElec   .          Harm     .    (no cloak)
rCorr   .          Rampage  .    l - +0 pair of gloves
Will    .....                    (no boots) Stlth
                                 (no amulet)
HPRegen 0.34/turn                u - ring of see invisible
MPRegen 0.11/turn                (no ring)

@: no status effects
A: horns 2, retaliatory headbutt
a: Renounce Religion, Potion Petition, Call Merchant, Bribe Branch


You were in a bailey.
You worshipped Gozag.
Gozag was pleased with you.
You visited 2 branches of the dungeon, and saw 9 of its levels.
You also visited: Bailey.

You collected 723 gold pieces.
You paid 144 gold pieces to Gozag.

Inventory:

Hand Weapons
 o - a +0 heavy hand axe (weapon)
Armour
 b - a +0 scale mail (worn)
 c - a +0 buckler (worn)
 d - a +2 hat (worn)
 l - a +0 pair of gloves (worn)
Jewellery
 u - a ring of see invisible (left hand)
Wands
 s - a wand of digging (3)
 v - a wand of iceblast (7)
Scrolls
 g - a scroll of blinking {unknown}
 h - 3 scrolls of teleportation {unknown}
 j - 2 scrolls of enchant weapon {unknown}
 k - 2 scrolls of butterflies {unknown}
 n - 2 scrolls of noise
 p - 2 scrolls of enchant armour {unknown}
 q - 2 scrolls of amnesia {unknown}
Potions
 e - 2 potions of mutation
 f - a potion of lignification
 i - a potion of attraction
 m - 5 potions of flight
 r - a potion of magic


   Skills:
 + Level 7.9 Fighting
 * Level 10.4 Axes
 * Level 10.7 Armour
 + Level 8.0 Shields


You had 9 spell levels left.
You didn't know any spells.
Your spell library contained the following spells:

 Spells                   Type           Power      Damage    Failure   Level
 Freeze                   Ice            0%         1d3       80%         1
 Slow                     Hex            0%         N/A       80%         1
 Confusing Touch          Hex            0%         N/A       99%         3
 Frozen Ramparts          Ice            0%         1d1       99%         3
 Hailstorm                Conj/Ice       0%         3d3       99%         3
 Ignite Poison            Fire/Tmut/Pois 0%         N/A       99%         3
 Kindle Blastsparks       Fire/Tloc/Air  0%         2d10      99%         3
 Vampiric Draining        Necr           0%         2d6       99%         3
 Freezing Cloud           Conj/Ice/Air   0%         6-21      100%        5


Dungeon Overview and Level Annotations

Branches:
Dungeon (8/15)             Temple (1/1) D:7          Bailey (1/1)
   Lair: D:8-11

Altars:
Ashenzari
Cheibriados
Elyvilon
Gozag
Hepliaklqana
Kikubaaqudgha
Makhleb
Nemelex Xobeh
Okawaru
Qazlal
Ru
Sif Muna
Trog
Uskayaw
Vehumet
Wu Jian
Xom
Yredelemnul
The Shining One

Annotations:
Bailey Prince Ribbit


Innate Abilities, Weirdness & Mutations

You have a pair of horns on your head.
You reflexively headbutt those who attack you in melee.


Message History

The vault guard hits you but does no damage.
Prince Ribbit hits you but does no damage.
You closely miss the vault guard.
The vault guard is lightly wounded.
You miss Prince Ribbit.
Prince Ribbit hits you but does no damage.
The vault guard hits you with a +0 broad axe!
You slice the vault guard!! You headbutt the vault guard.
The vault guard is heavily wounded.
You hit Prince Ribbit. Prince Ribbit hits you.
The vault guard hits you with a +0 broad axe!!
Prince Ribbit hits you but does no damage.
You slice the vault guard!!
You headbutt the vault guard, but do no damage.
The vault guard is severely wounded.
You hit Prince Ribbit.
Prince Ribbit hits you but does no damage.
The vault guard hits you with a +0 broad axe.
You slash the vault guard!
The vault guard is severely wounded.
You hit Prince Ribbit but do no damage. Prince Ribbit barely misses you.
The vault guard hits you with a +0 broad axe!
* * * LOW HITPOINT WARNING * * *
Prince Ribbit misses you. You block the vault guard's attack.
Okay, then.
Okay, then.
You hit the vault guard.
The vault guard is almost dead.
You hit Prince Ribbit. Prince Ribbit barely misses you. x2
The vault guard misses you. You furiously retaliate!
You headbutt the vault guard!
You hit the vault guard but do no damage.
Your headbutt misses the vault guard.
The vault guard is almost dead.
You hit Prince Ribbit.
Prince Ribbit blinks!
The vault guard hits you but does no damage.
You block Prince Ribbit's attack.
The vault guard hits you with a +0 broad axe!!
You die...
Your body crumbles into a pile of gold.

##### ###≈≈≈≈≈###
....#+##≈≈~~~~~≈≈##
......#≈~~~~~~~~~≈##
......##≈~~~~~~~~~≈#
.#######≈~~.....~~######
##..#≈≈≈~..~~~.~.##....!
.#..#...........F#.....?
.#.[)..~~~~......p..∩...
...)#~~≈≈≈≈~~..~@#.....$
....#≈≈####≈≈~...# ....!
######## ###≈~..~# ####
##≈.~~~# #≈.~~## #≈.~##
+.### ##


You could see a vault guard and Prince Ribbit.

Vanquished Creatures
  A two-headed ogre (D:7)
  Joseph (D:8)
  3 humans (Bailey)
  A steam dragon (D:7)
  4 black bears
  An ice beast (D:6)
  3 ogres
  A sky beast (D:8)
  2 centaurs
  A phantom (D:7)
  A kobold brigand (D:8)
  9 bullfrogs
  A necrophage (D:6)
  A scorpion (D:7)
  5 wights (D:4)
  A howler monkey (D:7)
  2 jellies
  2 orc priests
  7 hounds
  Ijyb (D:4)
  An iguana (D:5)
  An orc wizard (D:7)
  6 gnolls
  5 adders
  A shadow imp (D:6)
  A white imp (D:7)
  2 worms (D:4)
  4 dart slugs
  10 orcs
  2 bats (D:2)
  8 endoplasms
  2 giant cockroaches
  10 hobgoblins
  4 jackals (D:4)
  6 kobolds
  4 quokkas
  10 ball pythons
  3 frilled lizards
  8 goblins
  2 rats
138 creatures vanquished.

Notes
Turn   | Place    | Note
-------+----------+-------------------------------------------
     0 | D:1      | Citaku the Minotaur Fighter began the quest for the Orb.
     0 | D:1      | Reached XP level 1. HP: 19/19 MP: 0/0
   499 | D:1      | You fall into a shaft and drop 1 floor!
   534 | D:2      | Reached XP level 2. HP: 27/27 MP: 1/1
  1166 | D:2      | Reached XP level 3. HP: 30/33 MP: 2/2
  1484 | D:2      | Reached XP level 4. HP: 37/40 MP: 3/3
  1975 | D:3      | Found a broken altar of Ashenzari.
  2029 | D:3      | Reached XP level 5. HP: 35/47 MP: 4/4
  2291 | D:3      | Reached skill level 5 in Armour
  2329 | D:3      | Identified the +1 quarterstaff of Wemynlorch {venom, Will+
                  | Str+3 Int-5}
  2681 | D:4      | Reached XP level 6. HP: 52/53 MP: 5/5
  2688 | D:4      | Reached skill level 5 in Axes
  2788 | D:4      | Reached skill level 5 in Shields
  2963 | D:4      | Noticed Ijyb
  2973 | D:4      | Killed Ijyb
  2974 | D:4      | Reached skill level 5 in Fighting
  3076 | D:4      | Reached XP level 7. HP: 61/61 MP: 6/6
  3528 | D:5      | Entered Level 5 of the Dungeon
  3813 | D:5      | Reached XP level 8. HP: 58/70 MP: 7/7
  5034 | D:7      | Found a staircase to the Ecumenical Temple.
  5044 | Temple   | Entered the Ecumenical Temple
  5051 | Temple   | Became a worshipper of Gozag Ym Sagoz the Greedy
  5356 | D:7      | Found a large runed translucent door.
  5356 | D:7      | Found a large runed translucent door.
  5850 | D:7      | Found a shimmering blue altar of Sif Muna.
  6085 | D:7      | Noticed a two-headed ogre
  6088 | D:7      | Reached XP level 9. HP: 78/78 MP: 8/8
  6092 | D:7      | Killed a two-headed ogre
  6310 | D:7      | Found a bloodstained altar of Trog.
  6313 | D:7      | Found an ancient bone altar of Kikubaaqudgha.
  6358 | D:8      | Noticed Joseph
  6793 | D:8      | Killed Joseph
  6794 | D:8      | Reached skill level 10 in Armour
  6857 | D:8      | Found a flagged portal.
  6930 | Bailey   | Entered a bailey
  6987 | Bailey   | Reached skill level 10 in Axes
  7039 | Bailey   | Reached XP level 10. HP: 82/88 MP: 9/9
  7078 | Bailey   | Noticed Prince Ribbit
  7078 | Bailey   | Noticed a vault guard
  7090 | Bailey   | Slain by a vault guard

Illustrated notes

Levels and vault maps discovered:
D:1:      eino_arrival_druids_welcome, layout_basic, serial_corexii_hall,
          chequers_hall_statues_corner_a, chequers_hall_statues_corner_a,
          chequers_hall_statues_y
D:2:      layout_loops_corners
D:3:      layout_loops_ring, mainiacjoe_overflow_tiny_flanked
D:4:      layout_cave_pools, st_stairs_1, uniq_ijyb
D:5:      layout_basic, kennysheep_doodads
D:6:      layout_loops_ring
D:7:      layout_basic, jmf_multi_god_temple2, tgw_sif, minmay_temple_entry_mist
D:8:      layout_basic, mainiacjoe_overflow_alcove_2, enter_bailey_7,
          uniq_maurice, uniq_joseph
Temple:   hellmonk_temple_two_chambers
Bailey:   bailey_axe_froggy_fort_hellmonk, bailey

Skill      XL: |  1  2  3  4  5  6  7  8  9 10 |
---------------+-------------------------------+-----
Axes           | 3 4 5 6 8 10 | 10.4
Armour         | 4 5 6 7 9 10 | 10.7
Shields        | 4 5 6 7 8 |  8.0
Fighting       | 4 5 6 7 |  7.9

Action                   |  1- 3 |  4- 6 |  7- 9 | 10-12 || total
-------------------------+-------+-------+-------+-------++-------
Melee: War axe           |    52 |    96 |   185 |     9 ||   342
       Headbutt          |     3 |    18 |    41 |     6 ||    68
       Hand axe          |       |       |       |     9 ||     9
  Use: Potion            |       |       |     5 |       ||     5
       Scroll            |       |       |    10 |       ||    10
Armor: Scale mail        |    22 |    33 |   122 |     9 ||   186
Dodge: Dodged            |    27 |    51 |   114 |     6 ||   198
Block: Buckler           |    15 |    21 |    49 |     3 ||    88

Table legend: (Time is in decaauts)
 A = Elapsed time spent in this place.
 B = Non-inter-level travel time spent in this place.
 C = Inter-level travel time spent in this place.
 D = Time resting spent in this place.
 E = Time spent auto-exploring this place.
 F = Levels seen in this place.
 G = Mean time per level.
                   A        B        C        D        E       F      G
               +--------+--------+--------+--------+--------+-----+--------+
         Total |   7153 |   6958 |    195 |      0 |   5929 |  10 |  715.3 |
       Dungeon |   6968 |   6779 |    189 |      0 |   5840 |   8 |  871.0 |
        Temple |     21 |     16 |      5 |      0 |      8 |   1 |   21.0 |
        Bailey |    163 |    163 |      0 |      0 |     81 |   1 |  163.0 |
               +--------+--------+--------+--------+--------+-----+--------+

Top non-repeatable levels by time:
     D:7: 1738 daAuts
     D:2: 1006 daAuts
     D:1: 996 daAuts
     D:4: 946 daAuts
     D:6: 863 daAuts
     D:3: 633 daAuts
     D:5: 614 daAuts
     D:8: 169 daAuts
  Bailey: 163 daAuts
  Temple: 21 daAuts
